 Dungeon Crawl Stone Soup version 0.31-a0-210-gccc998df9b (webtiles) character file.

Game seed: 10440909962045642396

7 qw the Shooter (level 1, 12/12 HPs)
             Began as a Deep Elf Hunter on June 29, 2023.
             Quit the game on level 1 of the Dungeon.
             The game lasted 00:00:14 (272 turns).

qw the Shooter (Deep Elf Hunter)                     Turns: 272, Time: 00:00:15

Health: 12/12      AC:  3    Str:  8    XL:     1   Next: 91%
Magic:  3/3        EV: 12    Int: 13    God:
Gold:   15         SH:  0    Dex: 18    Spells: 0/0 levels left

rFire   . . .        a - +0 shortbow
rCold   . . .        (shield currently unavailable)
rNeg    . . .        c - +0 leather armour
rPois   .            (no helmet)
rElec   .            (no cloak)
rCorr   .            (no gloves)
SInv    .            (no boots)
Will    .....        (no amulet)
Stlth   ++           (no ring)
HPRegen 0.22/turn    (no ring)
MPRegen 0.08/turn

%: no passive effects
@: no status effects
A: no striking features
a: no special abilities


You were on level 1 of the Dungeon.
You visited 1 branch of the dungeon, and saw 1 of its levels.

You collected 15 gold pieces.


   Skills:
 - Level 1.5 Fighting
 + Level 5.9 Ranged Weapons
 - Level 2.4 Dodging
 - Level 1.2 Stealth


You couldn't memorise any spells.
You didn't know any spells.
Your spell library was empty.

Inventory:

Hand Weapons
 a - a +0 shortbow (weapon)
Armour
 c - a +0 leather armour (worn)
Jewellery
 d - a ring of fire
 e - an amulet of faith
Scrolls
 b - a scroll of butterflies
 h - 2 scrolls of poison {unknown}
 i - a scroll of torment {unknown}
 j - a scroll of identify {unknown}
Potions
 f - 2 potions of magic {unknown}
 g - a potion of enlightenment {unknown}
 k - a potion of curing {unknown}

Dungeon Overview and Level Annotations

Branches:
Dungeon (1/15)

Altars:


Message History

You kill the bat!
You see here a bat corpse.
j - a scroll labelled EWOQAPHICSE
Enter note: A rat comes into view.
Enter note: You shoot an arrow.
The arrow hits the rat.
You kill the rat!
You see here a rat corpse.
A kobold comes into view. It is wielding a +0 short sword.
Enter note: You shoot an arrow.
The arrow hits the kobold.
You kill the kobold!
Found a stone.
Enter note:
k - a yellow potion
Enter note:
h - 2 scrolls labelled GYNOVVA IRAED (gained 1)
A kobold comes into view. It is wielding a +0 short sword.
Enter note:
Enter note: You shoot an arrow.
The arrow hits the kobold.
The kobold shouts!
The kobold is heavily wounded.
You shoot an arrow. The arrow completely misses the kobold.
You shoot an arrow. The arrow hits the kobold.
You kill the kobold!
Welcome back, qw the Deep Elf Hunter.
Press ? for a list of commands and other information.
Options error: Missing colour in message_colour setting: 'then'
Enter note:
Enter note:
Enter note:
Enter note:
Enter note:
Enter note:
Enter note:
272 ||| PLANNING D:1-11 Are you sure you want to abandon this character and quit the game? (Confirm with "yes".) Are you sure you want to abandon this character and quit the game? (Confirm with "yes".)

.'.##.#
#.............#
##.#. .#....#
#..####.##...##
##.# #######
#..####.####.#
#.# #.......#
#.# #.#
##.###### ...
..# #.# ....
... #.# ...
...# ####.#####
..##.##
#.....@..# #.
#..#.##..#
#..#.# ..# #.
#.. ..# #. ##.
).# # .#..#
..... .###.


There were no monsters in sight!

Vanquished Creatures
  A giant cockroach (D:1)
  2 goblins (D:1)
  2 bats (D:1)
  2 kobolds (D:1)
  2 rats (D:1)
9 creatures vanquished.

Notes
Turn   | Place    | Note
-------+----------+-------------------------------------------
     0 | D:1      | qw the Deep Elf Hunter began the quest for the Orb.
     0 | D:1      | Reached XP level 1. HP: 12/12 MP: 3/3
     0 | D:1      | 0 ||| qw: Version: 0.3-a-22-g0ed2b0b
     0 | D:1      | 0 ||| qw: Game counter: 6646
     0 | D:1      | 0 ||| qw: Melee chars always use a shield: true
     0 | D:1      | 0 ||| qw: God list: Okawaru
     0 | D:1      | 0 ||| qw: Allow faded altars: false
     0 | D:1      | 0 ||| qw: Do Orc after clearing Dungeon:15 true
     0 | D:1      | 0 ||| qw: Do second Lair branch before Depths: true
     0 | D:1      | 0 ||| qw: Lair rune preference: random
     0 | D:1      | 0 ||| qw: Goals: Normal
     0 | D:1      | 0 ||| PLANNING D:1-11
    57 | D:1      | 57 ||| PLANNING D:1-11
   272 | D:1      | 272 ||| PLANNING D:1-11
   272 | D:1      | Quit the game

Levels and vault maps discovered:
D:1:      lemuel_arrival_behind_the_door_small, layout_loops_cross

Action                     || total
---------------------------++-------
   Fire: Shortbow          ||    23
 Armour: Leather armour    ||     2
  Dodge: Dodged            ||     9

Table legend:
 A = Non-vault XP
 B = Vault XP
 C = Vault XP percentage of total XP
 D = Non-vault monster count
 E = Vault monster count
 F = Vault count percentage of total count
                 A         B        C        D         E       F
            +---------+---------+-------+---------+---------+-------
      Total |      13 |       0 |   0.0 |       9 |       0 |   0.0
            +---------+---------+-------+---------+---------+-------
        D:1 |      13 |       0 |   0.0 |       9 |       0 |   0.0
            +---------+---------+-------+---------+---------+-------
